 Dungeon Crawl Stone Soup version 0.28.0 (webtiles) character file.

Game seed: 7404418202369793299

2530 inmateoo the Poker (level 9, -8/69 (74) HPs)
             Began as a Demigod Delver on Feb 14, 2022.
             Mangled by Maggie (15 damage)
             ... on level 8 of the Dungeon.
             The game lasted 00:13:26 (8454 turns).

inmateoo the Poker (Demigod Delver)                 Turns: 8454, Time: 00:13:27

HP:   -8/69 (74)    AC:  9    Str: 13    XL:     9   Next: 8%
MP:   15/17         EV: 11    Int: 28    God:
Gold: 59            SH:  0    Dex: 15    Spells: 11/14 levels left

rFire   + . .      SeeInvis .   j - +6 trident of Xoam {venom, *Slow rPois rC+ Int+4}
rCold   + + .      Faith    .   (no shield)
rNeg    . . .      Spirit   .   k - +0 ring mail
rPois   +          Reflect  .   x - +0 helmet {rF+}
rElec   .          Harm     .   (no cloak)
rCorr   .          Rampage  .   u - +2 pair of gloves
Will    .....                   (no boots)
Stlth   ++........              (no amulet)
HPRegen 0.21/turn               e - ring of protection from cold
MPRegen 0.15/turn               (no ring)

@: mesmerised, very slightly contaminated, slowed, drained, very slow
A: high MP 1, forlorn, divine attributes
a: no special abilities


You were on level 8 of the Dungeon.
You visited 1 branch of the dungeon, and saw 8 of its levels.

You collected 285 gold pieces.
You spent 226 gold pieces at shops.

Inventory:

Hand Weapons
 j - the +6 trident of Xoam (weapon) {venom, *Slow rPois rC+ Int+4}
   (You found it on level 5 of the Dungeon)

   It poisons the flesh of those it strikes.
   Int:       It affects your intelligence (+4).
   rC:        It protects you from cold.
   rPois:     It protects you from poison.
   *Slow:     It may slow you when you take damage.
 y - the +1 spear of Ufytaept {freeze, Dex+4}
   (You found it on level 3 of the Dungeon)

   It freezes those it strikes, dealing additional cold damage.
   It can also slow down cold-blooded creatures.
   Dex:       It affects your dexterity (+4).
 B - a +2 war axe of electrocution
Missiles
 v - 3 throwing nets
 I - a curare-tipped dart (quivered)
Armour
 k - a +0 ring mail (worn)
 l - a +0 plate armour
 u - a +2 pair of gloves (worn)
 x - a +0 helmet of fire resistance (worn)
Jewellery
 e - a ring of protection from cold (left hand)
Wands
 b - a wand of iceblast (5)
 d - a wand of acid (12)
 g - a wand of digging (2)
 E - a wand of flame (12)
Scrolls
 a - a scroll of enchant weapon
 c - 2 scrolls of fog
 f - a scroll of immolation
 m - a scroll of noise {unknown}
 n - a scroll of holy word {unknown}
 o - 2 scrolls of teleportation {unknown}
 p - 4 scrolls of enchant armour {unknown}
 r - 3 scrolls of magic mapping
 s - 3 scrolls of blinking {unknown}
 t - 2 scrolls of vulnerability
Potions
 h - 3 potions of brilliance
 i - 4 potions of flight
 q - 2 potions of resistance
 w - 3 potions of lignification
 A - a potion of curing
 C - 2 potions of cancellation
 D - a potion of berserk rage
 F - a potion of experience
 G - a potion of haste
 H - a potion of might


   Skills:
 + Level 5.3 Fighting
 - Level 1.7(4.6) Axes
 * Level 6.8(7.0) Polearms
 - Level 3.0 Armour
 - Level 3.0 Dodging
 - Level 4.5 Stealth
 + Level 3.2 Spellcasting
 + Level 3.3 Conjurations
 + Level 2.0 Hexes
 + Level 3.3 Fire Magic


You had 11 spell levels left.
You knew the following spells:

 Your Spells              Type           Power      Damage    Failure   Level
a - Slow                  Hex            60%        N/A       8%          1
b - Blink                 Tloc           8%         N/A       26%         2

Your spell library contained the following spells:

 Spells                   Type           Power      Damage    Failure   Level
 Foxfire                  Conj/Fire      92%        2x1d8     4%          1
 Conjure Flame            Conj/Fire      23%        6-21      13%         3
 Animate Skeleton         Necr           8%         N/A       17%         1
 Pain                     Necr           16%        1d4       17%         1
 Inner Flame              Hex/Fire       19%        N/A       17%         3
 Confusing Touch          Hex            15%        N/A       22%         3
 Flame Wave               Conj/Fire      23%        2d7       38%         4
 Lesser Beckoning         Tloc           4%         N/A       45%         3
 Vampiric Draining        Necr           4%         2d6       45%         3
 Fireball                 Conj/Fire      11%        3d7       75%         5
 Manifold Assault         Tloc           4%         N/A       99%         5
 Starburst                Conj/Fire      11%        6d5       100%        6
 Ignition                 Fire           11%        3d5       100%        8


Dungeon Overview and Level Annotations

Branches:
Dungeon (8/15)             Temple (0/1) D:4
   Lair: D:8-11

Shops:
D:4 **   D:6 *   D:7 *   D:8 :

Annotations:
D:8 Joseph, Maggie


Innate Abilities, Weirdness & Mutations

You have an increased reservoir of magic. (+10% MP)
You shall have no god before yourself.
Your divine heritage dramatically boosts your attributes as you level up.


Message History

Reach: j) +6 trident of Xoam {venom, *Slow rPois rC+ Int+4}
Press: ? - help, Dir - move target You reach to attack!
You hit something but do no damage. Something barely misses you.
Reach: j) +6 trident of Xoam {venom, *Slow rPois rC+ Int+4}
Press: ? - help, Dir - move target You reach to attack!
You barely miss something. Something hits you!
You feel yourself slow down. Something burns you.
Reach: j) +6 trident of Xoam {venom, *Slow rPois rC+ Int+4}
Press: ? - help, Dir - move target You reach to attack!
You barely miss something.
You hear some strange, mumbled words.
A bolt of fire appears from out of thin air!
The bolt of fire hits you! You resist.
* * * LOW HITPOINT WARNING * * *
You feel better. Something hits you!
* * * LOW HITPOINT WARNING * * *
Something burns you.
* * * LOW HITPOINT WARNING * * *
You hear some strange, mumbled words.
Something draws you further into its thrall.
You are confused.
You feel invigorated. Something hits you!
* * * LOW HITPOINT WARNING * * *
Something burns you.
* * * LOW HITPOINT WARNING * * *
You bump into the rock wall.
You feel less invigorated.
You feel less confused.
You hear some strange, mumbled words.
A bolt of fire appears from out of thin air!
The bolt of fire hits you! You resist.
* * * LOW HITPOINT WARNING * * *
Something hits you but does no damage.
Okay, then.
Casting: Slow (safe; 8% risk of failure)
Confirm with . or Enter, or press ? or * to list all spells.
You miscast Blink.
You are very lightly contaminated with residual magic.
Nothing appears to happen.
Something hits you!
You die...

[.............###
########.........
#########......#
..^............#
.#######..###..# #####
#..'∩'..#
..........###.># ######
########......(####.)....
###### ###......@){......
...... ..........).......
###### ############......
..... .... ... ##


There were no monsters in sight!

Vanquished Creatures
  A hornet (D:7)
  Duvessa (D:4)
  2 orc warriors
  A black bear (D:6)
  2 sky beasts
  An ice beast (D:6)
  An ogre (D:5)
  A kobold brigand (D:8)
  A bullfrog (D:7)
  A scorpion (D:5)
  A gnoll sergeant (D:8)
  Dowan (D:4)
  A water moccasin skeleton (D:7)
  4 killer bees (D:8)
  5 wights
  4 hounds
  2 bullfrog zombies (D:5)
  A centaur zombie (D:8)
  A centaur skeleton (D:7)
  2 orc priests
  A gnoll shaman (D:5)
  A jelly (D:5)
  2 iguanas
  6 orc wizards
  A killer bee zombie (D:7)
  A hound skeleton (D:4)
  13 gnolls
  5 adders
  An ufetubus (D:5)
  A worm (D:5)
  A dart slug (D:2)
  13 orcs
  4 endoplasms
  2 giant cockroaches
  5 hobgoblins
  6 jackals
  12 kobolds
  A quokka (D:2)
  4 ball pythons
  3 bats
  3 frilled lizards (D:3)
  4 goblins
  4 rats
128 creatures vanquished.

Vanquished Creatures (others)
  An orc (D:8)
1 creature vanquished.

Grand Total: 129 creatures vanquished

Notes
Turn   | Place    | Note
-------+----------+-------------------------------------------
     0 | D:5      | inmateoo the Demigod Delver began the quest for the Orb.
     0 | D:5      | Reached XP level 1. HP: 18/18 MP: 3/3
    18 | D:5      | Identified the +6 trident of Xoam {venom, *Slow rPois rC+
                  | Int+4}
    91 | D:5      | Noticed a jelly
   357 | D:5      | Noticed a hound
   388 | D:5      | Killed a jelly
   389 | D:5      | Reached skill level 1 in Polearms
   389 | D:5      | Reached XP level 2. HP: 24/26 MP: 4/4
   411 | D:5      | Reached skill level 2 in Polearms
   411 | D:5      | Reached XP level 3. HP: 31/31 MP: 5/5
   428 | D:5      | Reached XP level 4. HP: 40/40 MP: 6/6
   475 | D:5      | Reached skill level 3 in Polearms
   712 | D:4      | Found Niwnesink's Neck Hole.
   935 | D:4      | Found Yrouxat's Fire Supplies.
  1284 | D:1      | Reached XP level 5. HP: 45/46 MP: 7/7
  2048 | D:2      | Reached skill level 4 in Polearms
  3295 | D:3      | Identified the +1 spear of Ufytaept {freeze, Dex+4}
  3526 | D:4      | Found a staircase to the Ecumenical Temple.
  3563 | D:4      | Noticed Duvessa
  3563 | D:4      | Noticed Dowan
  3869 | D:4      | Killed Duvessa
  3870 | D:4      | Reached XP level 6. HP: 29/52 MP: 7/9
  4005 | D:4      | Killed Dowan
  4168 | D:4      | Reached skill level 1 in Conjurations
  4173 | D:4      | Reached skill level 1 in Armour
  4183 | D:4      | Reached skill level 1 in Fire Magic
  4318 | D:5      | Reached skill level 1 in Spellcasting
  4459 | D:5      | Reached XP level 7. HP: 59/59 MP: 11/11
  4562 | D:5      | Reached skill level 5 in Polearms
  4823 | D:4      | Bought a +0 helmet of fire resistance for 161 gold pieces
  5215 | D:6      | Found Lidu's General Store.
  5220 | D:6      | Bought a potion of berserk rage for 65 gold pieces
  5809 | D:6      | Reached XP level 8. HP: 33/67 MP: 14/14
  6301 | D:7      | Found Kote's Gadget Gallery.
  6460 | D:7      | Reached skill level 6 in Polearms
  6511 | D:7      | Learned a level 1 spell: Slow
  6952 | D:8      | Reached skill level 5 in Fighting
  6994 | D:8      | Reached skill level 1 in Hexes
  7029 | D:8      | Noticed a hornet
  7216 | D:8      | Identified the +0 ring mail "Nobi" {rElec Dex+4}
  7243 | D:8      | Noticed Joseph
  7285 | D:7      | Killed a hornet
  7944 | D:8      | Reached XP level 9. HP: 40/66 MP: 17/17
  8069 | D:7      | Learned a level 2 spell: Blink
  8426 | D:8      | Found Vuilimn's Book Shoppe.
  8435 | D:8      | Noticed Maggie
  8454 | D:8      | Mangled by Maggie

Illustrated notes

Levels and vault maps discovered:
D:1:      doesnt_arrival_eight_statues, layout_loops_ring, st_stairs_2
D:2:      layout_basic, ebering_ecumenical_altar_box, due_unseen_surprise
D:3:      layout_basic
D:4:      layout_cave_pods, minmay_temple_entry_antechambers,
          nicolae_shop_fire_sale [nicolae_sub_dead_trees],
          nicolae_shop_sticking_my_neck_out, uniq_duvessa
D:5:      layout_loops_ring, nemelex_dance_club_becter,
          grunt_dithmenos_smoke_and_mirrors, mainiacjoe_overflow_big_doors,
          worldfamousw_hep_ancestral_shrine, hangedman_decor_clover_reticule
D:6:      layout_basic, ashenzari_altar_1, serial_shops, shop
D:7:      layout_basic, nicolae_shop_gadgets
D:8:      layout_rooms, serial_shops, kennysheep_mini_moat, uniq_joseph,
          uniq_maggie

Skill      XL: |  1  2  3  4  5  6  7  8  9 |
---------------+----------------------------+-----
Fighting       | 3 4 5 |  5.3
Polearms       | 1 2 3 4 5 6 |  6.8
Dodging        | 2 3 |  3.0
Conjurations   | 1 2 3 |  3.3
Armour         | 1 2 3 |  3.0
Fire Magic     | 1 2 3 |  3.3
Spellcasting   | 1 3 |  3.2
Hexes          | 1 2 |  2.0
Axes           | |  1.7
Stealth        | |  4.5

Action                   |  1- 3 |  4- 6 |  7- 9 || total
-------------------------+-------+-------+-------++-------
Melee: Trident           |    14 |   145 |   213 ||   372
       Punch             |       |     3 |       ||     3
 Cast: Slow              |       |       |     2 ||     2
Evoke: Wand              |       |     1 |     3 ||     4
  Use: Scroll            |     2 |     9 |     4 ||    15
       Potion            |     1 |       |     2 ||     3
 Stab: Sleeping          |       |    13 |     5 ||    18
Armor: Ring mail         |     5 |    35 |    87 ||   127
Dodge: Dodged            |     5 |    43 |   147 ||   195
